 Dungeon Crawl Stone Soup version 0.30-a0-358-g0d69a1922f (webtiles) character file.

Game seed: 2797534431367936751

9108 Essalna the Zephyrmancer (level 11, -6/68 HPs)
             Began as a Tengu Air Elementalist on Nov 9, 2022.
             Was a Believer of Vehumet.
             Mangled by a troll (8 damage)
             ... on level 9 of the Dungeon.
             The game lasted 00:24:14 (11016 turns).

Essalna the Zephyrmancer (Tengu Air Elementalist)  Turns: 11016, Time: 00:24:15

Health: -6/68      AC:  6    Str: 15    XL:     11   Next: 41%
Magic:  2/15       EV: 20    Int: 23    God:    Vehumet [**....]
Gold:   517        SH:  8    Dex: 15    Spells: 4/14 levels left

rFire   + + .      SeeInvis .    h - +2 whip (elec)
rCold   . . .      Faith    .    g - +3 buckler
rNeg    . . .      Spirit   .    C - +0 ring mail {rPois}
rPois   +          Reflect  .    (helmet restricted)
rElec   .          Harm     .    (no cloak)
rCorr   .          Rampage  .    (no gloves)
Will    .....                    (boots unavailable)
Stlth   ..........               (no amulet)
HPRegen 0.31/turn                d - ring "Yfa Rahy" {rF++ Str+6 Int+4 Slay+3 Stlth-}
MPRegen 0.14/turn                y - +4 ring of evasion

@: flying quickly and evasively, quick
A: beak, talons 3, nimble flight
a: Renounce Religion


You were on level 9 of the Dungeon.
You worshipped Vehumet.
Vehumet was pleased with you.
You visited 3 branches of the dungeon, and saw 12 of its levels.
You also visited: Sewer.

You collected 517 gold pieces.

Inventory:

Hand Weapons
 h - a +2 whip of electrocution (weapon)
Missiles
 k - 2 throwing nets
Armour
 a - a +0 robe
 g - a +3 buckler (worn)
 C - a +0 ring mail of poison resistance (worn)
 J - a +2 leather armour of fire resistance
Jewellery
 d - the ring "Yfa Rahy" (left hand) {rF++ Str+6 Int+4 Slay+3 Stlth-}
   (You acquired it in a sewer)

   [ring of strength]

   Str:       It affects your strength (+6).
   Int:       It affects your intelligence (+4).
   Slay:      It affects your accuracy & damage with ranged weapons and melee
   (+3).
   rF:        It greatly protects you from fire.
   Stlth:     It makes you less stealthy.
 l - a ring of ice
 r - a ring of protection from cold
 w - a ring of willpower
 y - a +4 ring of evasion (right hand)
 H - the amulet "Aschon" {Acrobat Rampage rElec rF+ Dex-2 Slay+3}
   (You found it on level 8 of the Dungeon)

   [amulet of the acrobat]

   It increases your evasion while moving and waiting.
   Dex:       It affects your dexterity (-2).
   Slay:      It affects your accuracy & damage with ranged weapons and melee
   (+3).
   rF:        It protects you from fire.
   rElec:     It insulates you from electricity.
   Rampage:   It bestows one free step when moving towards enemies.
Wands
 G - a wand of charming (8)
 K - a wand of flame (15)
 M - a wand of polymorph (4)
Scrolls
 c - 4 scrolls of teleportation
 e - a scroll of blinking
 f - a scroll of summoning {unknown}
 i - 2 scrolls of fog
 m - 2 scrolls of enchant armour
 o - 3 scrolls of magic mapping {unknown}
 s - 2 scrolls of identify {unknown}
 t - 2 scrolls of noise {unknown}
 v - a scroll of immolation {unknown}
 D - a scroll of vulnerability {unknown}
 E - a scroll of fear {unknown}
 F - a scroll of enchant weapon {unknown}
 L - a scroll of poison
Potions
 b - a potion of magic
 j - 2 potions of cancellation
 n - 5 potions of curing {unknown}
 p - 5 potions of brilliance {unknown}
 q - 3 potions of invisibility {unknown}
 u - 3 potions of lignification {unknown}
 x - 2 potions of attraction {unknown}
 z - 2 potions of might {unknown}
 A - 2 potions of mutation {unknown}
 B - a potion of degeneration {unknown}
 I - a potion of berserk rage {unknown}


   Skills:
 + Level 7.9 Fighting
 + Level 7.8 Armour
 + Level 8.2 Dodging
 - Level 2.0 Stealth
 - Level 4.0 Shields
 - Level 2.0 Spellcasting
 + Level 10.1 Conjurations
 + Level 11.1 Air Magic


You had 4 spell levels left.
You knew the following spells:

 Your Spells              Type           Power      Damage    Failure   Level
a - Shock                 Conj/Air       100%       1d9       1%          1
b - Airstrike             Air            26%        2d(4-20)  3%          4
c - Arcjolt               Conj/Air       25%        1d35      11%         5

Your spell library contained the following spells:

 Spells                   Type           Power      Damage    Failure   Level
 Frozen Ramparts          Ice            4%         1d1       65%         3
 Static Discharge         Conj/Air       100%       2-7/arc   1%          2
 Swiftness                Air            52%        N/A       1%          3
 Vhi's Electric Charge    Tloc/Air       56%        N/A       9%          3
 Hailstorm                Conj/Ice       25%        3d7       11%         3
 Gell's Gravitas          Tloc           2%         N/A       65%         3
 Teleport Other           Tloc           2%         N/A       65%         3
 Ice Form                 Ice/Tmut       2%         N/A       96%         4
 Lightning Bolt           Conj/Air       25%        1d41      11%         5
 Dispersal                Tloc           1%         N/A       100%        6
 Simulacrum               Ice/Necr       1%         N/A       100%        6


Dungeon Overview and Level Annotations

Branches:
Dungeon (10/15)            Temple (1/1) D:4             Orc (1/2) D:9
  Sewer (visited)
   Lair: D:8-11

Altars:
Ashenzari
Cheibriados
Elyvilon
Fedhas
Gozag
Okawaru
Trog
Uskayaw
Vehumet
Xom
Yredelemnul
Zin
The Shining One

Annotations:
D:9 Amaemon


Innate Abilities, Weirdness & Mutations

You have a beak for a mouth.
You have claws for feet.
Your magical nature lets you fly swiftly and evasively.


Message History

You hit the troll. You claw the troll.
The troll is moderately wounded.
The troll bites you. The troll barely misses you. The troll claws you.
You hit the troll but do no damage. Lightning courses through the troll!
The troll is severely wounded.
You block the troll's attack. The troll misses you.
The troll closely misses you.
You barely miss the troll. Your kick misses the troll.
The troll is severely wounded.
You block the troll's attack. The troll misses you. x2
You closely miss the troll. Your kick misses the troll.
Your peck misses the troll.
The troll is severely wounded.
The troll bites you! The troll closely misses you. The troll claws you!
You barely miss the troll.
The troll is heavily wounded.
You block the troll's attack. The troll closely misses you.
The troll claws you. You block the troll's attack. The troll misses you.
The troll completely misses you.
Casting: Arcjolt (dangerous; 11% risk of failure)
Confirm with . or Enter, or press ? or * to list all spells.
Electricity surges outward!
The troll is severely wounded.
The troll completely misses you. The troll closely misses you.
The troll claws you.
* * * LOW HITPOINT WARNING * * *
Casting: Arcjolt (dangerous; 11% risk of failure)
Confirm with . or Enter, or press ? or * to list all spells.
You don't have enough magic to cast this spell.
You barely miss the troll. You claw the troll! Your peck misses the troll.
The troll is almost dead.
The troll barely misses you. The troll claws you.
* * * LOW HITPOINT WARNING * * *
You block the troll's attack.
You closely miss the troll.
The troll is almost dead.
The troll bites you!
* * * LOW HITPOINT WARNING * * *
The troll claws you!
You die...

#........#..........#..........
#........#..........#..........
#........#..........#..........
####'###.#..........#........##
#......#............#..........
#......#............#..........
#......#............#..........
#......#............#..........
#......#.....T@.....#..........
#......#............#.......###
#......#.....######.########...
#...)........#....#...###...###
#............'....#.##.........
#............#....#.#.###...###
#............#.....#.....###...
#################..#......#.###
..........<.......#.....#†....


You could see a troll.

Vanquished Creatures
  Erica (D:8)
  A two-headed ogre (D:5)
  Pikel (D:6)
  Psyche (D:8)
  2 kobold demonologists (D:9)
  2 trolls
  Grinder (D:3)
  Prince Ribbit (D:8)
  8 yaks (D:10)
  A wraith (D:10)
  2 wyverns (D:9)
  2 steam dragons (D:6)
  A swamp worm (D:8)
  A water moccasin (D:6)
  5 orc warriors
  3 sky beasts
  4 ice beasts
  5 centaurs
  2 ogres
  A phantom (D:5)
  2 kobold brigands (D:9)
  5 bullfrogs
  2 gnoll sergeants
  A necrophage (D:8)
  2 scorpions
  5 wights
  A howler monkey (D:8)
  4 hounds
  7 orc priests
  Natasha (twice) (D:3 D:4)
  Terence (D:3)
  7 orc wizards
  14 gnolls
  19 adders
  A shadow imp (D:5)
  2 white imps
  2 ufetubi
  A worm (D:2)
  3 dart slugs
  31 orcs
  5 bats
  19 endoplasms
  6 giant cockroaches (Sewer)
  2 goblins
  7 hobgoblins
  7 kobolds
  6 quokkas (Sewer)
  16 ball pythons
  9 frilled lizards
  6 rats
240 creatures vanquished.

Vanquished Creatures (others)
  6 demonic plants (D:10)
  3 plants (D:8)
9 creatures vanquished.

Grand Total: 249 creatures vanquished

Notes
Turn   | Place    | Note
-------+----------+-------------------------------------------
     0 | D:1      | Essalna the Tengu Air Elementalist began the quest for the
                  | Orb.
     0 | D:1      | Reached XP level 1. HP: 10/10 MP: 4/4
   351 | D:1      | Reached skill level 1 in Fighting
   351 | D:1      | Reached XP level 2. HP: 16/16 MP: 6/6
  1016 | D:2      | Found a faded altar of an unknown god.
  1030 | D:2      | Reached XP level 3. HP: 20/20 MP: 7/7
  1157 | D:2      | Reached skill level 1 in Shields
  1642 | D:2      | Reached skill level 5 in Air Magic
  1642 | D:2      | Reached XP level 4. HP: 24/26 MP: 4/8
  2052 | D:3      | Noticed Natasha
  2071 | D:3      | Killed Natasha
  2072 | D:3      | Gained mutation: Your magical nature lets you fly swiftly
                  | and evasively. [Tengu growth]
  2072 | D:3      | Reached XP level 5. HP: 15/30 MP: 0/9
  2154 | D:3      | Found a glowing drain.
  2163 | Sewer    | Entered a sewer
  2261 | Sewer    | Learned a level 4 spell: Airstrike
  2709 | Sewer    | Reached XP level 6. HP: 36/36 MP: 8/10
  3018 | Sewer    | Reached skill level 6 in Air Magic
  3109 | Sewer    | Identified a scroll of acquirement
  3109 | Sewer    | Acquired the ring "Yfa Rahy" {rF++ Str+6 Int+4 Slay+3
                  | Stlth-}
  3299 | D:3      | You are sucked into a shaft and drop 1 floor!
  3421 | D:5      | Entered Level 5 of the Dungeon
  3479 | D:4      | Found an iron altar of Okawaru.
  3486 | D:4      | Reached skill level 1 in Armour
  3486 | D:4      | Reached XP level 7. HP: 41/41 MP: 5/11
  3566 | D:3      | Noticed Grinder
  3566 | D:3      | Noticed Natasha
  3570 | D:4      | Killed Natasha
  3817 | D:3      | Noticed Terence
  3825 | D:3      | Killed Terence
  3895 | D:3      | Paralysed by Grinder for 4 turns
  3906 | D:3      | Killed Grinder
  3907 | D:3      | Reached XP level 8. HP: 21/48 MP: 1/12
  4402 | D:4      | Found a staircase to the Ecumenical Temple.
  4409 | Temple   | Entered the Ecumenical Temple
  4424 | Temple   | Became a worshipper of Vehumet
  4643 | D:5      | Noticed a two-headed ogre
  4660 | D:6      | Reached skill level 5 in Conjurations
  4660 | D:6      | Reached skill level 7 in Air Magic
  4847 | D:6      | Noticed Pikel
  4870 | D:6      | Killed Pikel
  4877 | D:6      | Reached XP level 9. HP: 28/53 MP: 10/13
  5155 | D:6      | Reached skill level 5 in Fighting
  5155 | D:6      | Reached skill level 8 in Air Magic
  5229 | D:6      | Reached skill level 5 in Dodging
  5873 | D:5      | Learned a level 5 spell: Arcjolt
  5885 | D:5      | Killed a two-headed ogre
  5886 | D:5      | Reached skill level 5 in Armour
  6201 | D:5      | Reached skill level 9 in Air Magic
  6372 | D:5      | Reached * piety under Vehumet
  6372 | D:5      | Offered knowledge of Foxfire by Vehumet.
  7153 | D:7      | Reached XP level 10. HP: 39/60 MP: 6/14
  8166 | D:8      | Noticed Erica
  8183 | D:8      | Killed Erica
  8390 | D:8      | Identified the amulet "Aschon" {Acrobat Rampage rElec rF+
                  | Dex-2 Slay+3}
  8421 | D:8      | Noticed Prince Ribbit
  8432 | D:8      | Reached skill level 10 in Air Magic
  8439 | D:8      | Killed Prince Ribbit
  8625 | D:8      | Offered knowledge of Magic Dart by Vehumet.
  8637 | D:8      | Reached ** piety under Vehumet
  8714 | D:8      | Noticed Psyche
  8721 | D:8      | Killed Psyche
  8992 | D:8      | Identified the +9 lajatang "Tengu's Bane" {vorpal, +Blink
                  | rN+ Str+3 Int+3}
  9214 | D:9      | Noticed an orange demon
  9215 | D:9      | Noticed Amaemon
  9239 | D:10     | Entered Level 10 of the Dungeon
  9380 | D:10     | Found an opulent altar of Gozag.
  9398 | D:10     | Found a broken altar of Ashenzari.
  9437 | D:10     | Reached XP level 11. HP: 37/67 MP: 8/15
 10291 | D:9      | Reached skill level 11 in Air Magic
 10293 | D:9      | Noticed a soul eater
 10294 | D:9      | Reached skill level 10 in Conjurations
 10336 | D:9      | Offered knowledge of Frozen Ramparts by Vehumet.
 10549 | D:9      | Found a hide-covered altar of Uskayaw.
 10555 | D:9      | Found a white marble altar of Elyvilon.
 10558 | D:9      | Found a snail-covered altar of Cheibriados.
 10558 | D:9      | Found a shimmering altar of Xom.
 10565 | D:9      | Found a bloodstained altar of Trog.
 10859 | D:9      | Found a staircase to the Orcish Mines.
 10996 | Orc:1    | Entered Level 1 of the Orcish Mines
 11016 | D:9      | HP: 2/68 [troll (14)]
 11016 | D:9      | Mangled by a troll

Illustrated notes

Levels and vault maps discovered:
D:1:      dpeg_chamrin_arrival_tetris, layout_loops_ring,
          minmay_misc_feat_rugged, minmay_misc_feat_pillars
D:2:      minmay_spotlight, layout_basic, chequers_ecumenical_altar_simple,
          amcnicky_mini_rare_corridor_liquid, minmay_heptomino_d4
D:3:      layout_rooms, portal_sewer_entry_d, st_stairs_1, uniq_terence,
          uniq_natasha, uniq_grinder
D:4:      layout_basic, mainiacjoe_overflow_paths,
          minmay_temple_entry_mini_moons, hangedman_decor_opposing
D:5:      layout_basic, chequers_serial_rivers_micro_a
D:6:      layout_basic, minivault_26, uniq_pikel
D:7:      layout_cave_pools
D:8:      layout_rooms, serial_curves, eino_curves_01, eino_curves_01,
          worms_lemuel, uniq_psyche, uniq_prince_ribbit1, uniq_erica
D:9:      nicolae_BIG_FREAKIN_CUBE, layout_grid_maze,
          nicolae_overflow_hallway_of_the_gods, orc_0_dummy, minivault_21,
          uniq_amaemon
D:10:     layout_roguey, mainiacjoe_overflow_swirl, minmay_misc_feat_iff,
          st_stairs_2, nicolae_concentric_dashed_squares_mild,
          dreamdust_princess_corridor, hangedman_decor_lopped,
          nrook_loot_triangle
Temple:   compressed_dpeg_circular_temple
Orc:1:    layout_caves, basic_altar, gammafunk_ghost_fury_of_okawaru

Skill      XL: |  1  2  3  4  5  6  7  8  9 10 11 |
---------------+----------------------------------+-----
Fighting       | 1 2 3 4 6 7 |  7.9
Shields        | 1 2 3 4 |  4.0
Conjurations   | 2 3 4 6 7 9 10 | 10.1
Air Magic      | 5 6 7 9 10 11 | 11.1
Armour         | 1 2 4 5 7 |  7.8
Dodging        | 3 4 6 7 8 |  8.2
Stealth        | |  2.0
Spellcasting   | |  2.0

Action                   |  1- 3 |  4- 6 |  7- 9 | 10-12 || total
-------------------------+-------+-------+-------+-------++-------
Melee: Whip              |    42 |    24 |    58 |   120 ||   244
       Kick              |     8 |     7 |    16 |    44 ||    75
       Peck              |     9 |     1 |     4 |    21 ||    35
 Cast: Shock             |    24 |   129 |   138 |    79 ||   370
       Airstrike         |       |       |     9 |    18 ||    27
       Arcjolt           |       |       |     1 |    17 ||    18
  Use: Scroll            |       |     7 |     1 |     3 ||    11
       Potion            |       |     2 |     1 |       ||     3
 Stab: Sleeping          |     4 |       |       |       ||     4
Armor: Robe              |     6 |     2 |     7 |       ||    15
       Ring mail         |       |       |       |    22 ||    22
Dodge: Dodged            |    23 |    30 |    62 |   140 ||   255
Block: Buckler           |     9 |    20 |    47 |    61 ||   137

Table legend: (Time is in decaauts)
 A = Elapsed time spent in this place.
 B = Non-inter-level travel time spent in this place.
 C = Inter-level travel time spent in this place.
 D = Time resting spent in this place.
 E = Time spent auto-exploring this place.
 F = Levels seen in this place.
 G = Mean time per level.
                   A        B        C        D        E       F      G
               +--------+--------+--------+--------+--------+-----+--------+
         Total |  10604 |  10171 |    433 |    188 |   8391 |  13 |  815.7 |
       Dungeon |   9627 |   9199 |    428 |    188 |   7590 |  10 |  962.7 |
        Temple |     19 |     15 |      4 |      0 |      2 |   1 |   19.0 |
  Orcish Mines |     11 |     11 |      0 |      0 |      0 |   1 |   11.0 |
         Sewer |    945 |    945 |      0 |      0 |    799 |   1 |  945.0 |
               +--------+--------+--------+--------+--------+-----+--------+

Top non-repeatable levels by time:
     D:6: 1285 daAuts
     D:5: 1245 daAuts
     D:2: 1137 daAuts
    D:10: 963 daAuts
   Sewer: 945 daAuts
     D:8: 944 daAuts
     D:1: 895 daAuts
     D:9: 827 daAuts
     D:3: 789 daAuts
     D:7: 789 daAuts
     D:4: 750 daAuts
  Temple: 19 daAuts
   Orc:1: 11 daAuts
